Map: Ruins of Seras

Players

Eros

  • Race: Zerg Zerg
  • League: Grandmaster

Seither - Winner!

  • Race: Terran Terran
  • League: Master

VOD

Have the link to the VOD?

Description

Time

  • Played on: Dec. 13, 2015, 3:04 a.m.
  • Length: 11:40
Show
View Real Time Build Order
Export as new Build Order

Eros Zerg 

Build Orders: Pool First, Muta Ling Bane 

Get SALT Encoding   

  12  0:01  Drone  
  13  0:13  Overlord  
  13  0:18  Drone  
  14  0:22  Extractor  
  14  0:24  Drone  
  14  0:33  Drone  
  16  0:39  Drone  
  17  0:48  Spawning Pool  
  16  0:53  Drone  
  16  0:57  Drone  
  18  1:20  Hatchery  
  18  1:21  Drone  
  18  1:27  Overlord  
  18  1:36  Queen  
  20  1:58  Hatchery  
  20  1:59  Extractor  
  18  2:01  Drone  
  18  2:04  Drone  
  20  2:10  Drone  
  21  2:17  Queen  
  21  2:22  Zergling x2  
  24  2:28  Drone  
  25  2:35  Queen  
  27  2:39  Drone  
  28  2:45  Drone x2  
  28  2:48  Drone  
  31  2:55  Extractor  
  30  2:59  Drone x2, Extractor  
  33  3:13  Metabolic Boost  
  33  3:15  Drone, Queen  
  33  3:19  Drone x2  
  38  3:24  Overlord  
  38  3:27  Drone  
  39  3:33  Drone x3  
  42  3:41  Roach Warren  
  42  3:45  Drone x2  
  42  3:48  Drone  
  43  3:56  Spine Crawler  
  43  3:58  Lair  
  43  4:00  Drone, Extractor  
  43  4:01  Drone  
  43  4:03  Drone  
  43  4:05  Drone  
  43  4:08  Zergling x2, Extractor  
  45  4:12  Zergling x2  
  45  4:13  Zergling x2  
  47  4:17  Zergling x6  
  47  4:22  Overlord  
  50  4:24  Overlord, Extractor  
  49  4:33  Drone  
  49  4:37  Spore Crawler  
  49  4:41  Spore Crawler  
  49  4:42  Drone x3  
  49  4:43  Drone x2  
  49  4:45  Drone  
  54  4:50  Drone x2  
  56  4:53  Drone  
  57  5:01  Spire  
  55  5:22  Drone x3  
  55  5:24  Drone x3  
  58  5:28  Drone x2  
  58  5:29  Drone  
  58  5:31  Queen  
  58  5:33  Drone x2  
  58  5:34  Drone  
  66  5:36  Overlord  
  63  5:43  Drone  
  63  5:48  Extractor  
  53  5:59  Drone x6  
  58  6:10  Baneling Nest  
  55  6:12  Mutalisk x2  
  55  6:13  Mutalisk x2  
  63  6:19  Mutalisk x3  
  63  6:23  Drone  
  67  6:28  Mutalisk  
  67  6:29  Mutalisk  
  71  6:33  Drone  
  71  6:34  Queen  
  74  6:45  Overlord  
  74  6:46  Overlord  
  74  6:58  Hatchery  
  71  7:04  Centrifical Hooks  
  71  7:06  Drone x2  
  72  7:09  Drone  
  72  7:10  Drone x2  
  72  7:15  Zergling x10  
  74  7:16  Zergling x4  
  74  7:20  Mutalisk  
  80  7:24  Zergling x6  
  80  7:27  Mutalisk  
  85  7:30  Zergling x6  
  85  7:33  Baneling x3  
  85  7:34  Baneling  
  88  7:38  Baneling x3  
  88  7:39  Zergling x4  
  88  7:43  Overlord x2  
  90  7:46  Overseer  
  90  7:55  Zerg Flyer Weapons Level 1  
  90  7:59  Baneling  
  90  8:00  Baneling x4  
  90  8:01  Mutalisk x2  
  90  8:04  Zergling x6  
  90  8:05  Zergling x4  
  99  8:07  Baneling x2  
  99  8:12  Drone x2  
  101  8:13  Drone x2  
  101  8:15  Overlord  
  101  8:16  Overlord  
  101  8:19  Zergling x2  
  104  8:33  Overlord x2  
  104  8:34  Mutalisk  
  104  8:35  Mutalisk x3  
  104  8:39  Zergling x4  
  104  8:40  Overlord  
  110  8:49  Overlord x2  
  110  8:53  Queen  
  110  8:55  Mutalisk x2  
  112  9:00  Zergling x6  
  119  9:04  Baneling x5  
  119  9:05  Baneling  
  113  9:12  Zergling x10  
  103  9:19  Zergling x10  
  103  9:22  Zergling x6  
  103  9:23  Zergling x2  
  106  9:26  Mutalisk  
  106  9:27  Mutalisk  
  108  9:37  Zergling x10  
  106  9:41  Drone x2  
  106  9:43  Evolution Chamber x2  
  106  9:44  Drone  
  107  9:47  Extractor  
  107  9:51  Drone x4  
  110  9:55  Zergling x4  
  110  9:56  Zergling x4  
  114  10:01  Mutalisk  
  114  10:03  Overlord  
  114  10:06  Drone x2  
  118  10:19  Zergling x8  
  122  10:25  Mutalisk x3  
  128  10:33  Mutalisk  
  130  10:44  Mutalisk x2  
  130  10:49  Baneling x4  
  134  10:50  Zergling x6  
  134  10:51  Zergling x12  
  134  10:53  Overlord x2  
  134  10:54  Baneling x2  
  134  10:55  Baneling x2  
  134  10:56  Baneling  
  143  11:10  Baneling x5  
  143  11:11  Overlord x2, Baneling  
  142  11:12  Mutalisk  
  142  11:14  Zergling x10  
  142  11:15  Zergling x2  
  142  11:17  Baneling x3  
Show
View Real Time Build Order
Export as new Build Order

Seither Terran - Winner!

Build Orders: Liberator Opening, Reaper Expand, Bio Mine 

Get SALT Encoding   

  12  0:00  SCV  
  13  0:12  SCV  
  14  0:18  Supply Depot  
  14  0:25  SCV  
  15  0:39  SCV  
  15  0:41  Barracks  
  16  0:46  Refinery  
  16  0:51  SCV  
  17  1:03  SCV  
  18  1:15  SCV  
  19  1:29  Orbital Command  
  19  1:30  Reaper  
  20  1:44  Command Center  
  20  1:52  Supply Depot  
  20  1:55  SCV  
  21  2:02  Marine  
  21  2:07  SCV  
  23  2:11  Factory  
  23  2:16  Refinery  
  23  2:20  SCV  
  24  2:24  Barracks Reactor  
  24  2:32  SCV  
  25  2:44  SCV  
  26  2:56  SCV  
  26  2:57  Orbital Command  
  26  2:58  Starport  
  27  3:08  SCV  
  27  3:09  Barracks Tech Lab, Hellion x2  
  32  3:18  Supply Depot  
  32  3:20  SCV, Liberator  
  32  3:24  SCV  
  34  3:32  SCV  
  35  3:38  Marine x2  
  35  3:39  SCV  
  41  3:44  SCV  
  41  3:46  Siege Tank  
  45  3:51  Supply Depot, SCV  
  46  3:56  SCV  
  46  3:59  Marine x2  
  49  4:04  SCV, Liberator  
  49  4:08  SCV  
  51  4:13  Command Center  
  51  4:16  SCV  
  52  4:21  SCV  
  52  4:24  Marine x2  
  56  4:29  Refinery  
  56  4:30  SCV  
  59  4:34  Supply Depot  
  59  4:36  Siege Tank  
  62  4:42  SCV  
  62  4:51  Supply Depot  
  62  4:53  Supply Depot  
  62  4:56  SCV  
  63  5:00  SCV  
  63  5:02  Barracks x2  
  63  5:05  Barracks Tech Lab  
  63  5:06  Starport Reactor  
  64  5:08  SCV  
  65  5:15  Siege Tank  
  65  5:17  SCV  
  65  5:18  Refinery  
  65  5:19  Engineering Bay  
  65  5:20  SCV  
  65  5:21  Engineering Bay  
  70  5:29  SCV  
  70  5:32  SCV  
  72  5:35  Marine  
  72  5:37  Stimpack  
  72  5:40  Orbital Command  
  73  5:48  Barracks  
  73  5:49  Barracks  
  73  5:51  Barracks Reactor  
  73  5:54  SCV  
  73  5:55  SCV  
  75  5:57  Orbital Command  
  75  6:03  Marine x2  
  75  6:04  Marine  
  78  6:09  Terran Infantry Weapons Level 1  
  78  6:10  Terran Infantry Armor Level 1  
  78  6:12  Supply Depot  
  78  6:13  Supply Depot  
  75  6:19  Medivac x2  
  75  6:21  Marine x2  
  75  6:24  SCV x3  
  84  6:27  Marine x2  
  84  6:31  Marine  
  87  6:37  Barracks Reactor x2  
  87  6:39  Marine  
  88  6:41  SCV  
  88  6:42  SCV x2, Factory, Refinery  
  88  6:44  Missile Turret  
  88  6:50  Factory Reactor, Missile Turret x2  
  88  6:52  Missile Turret  
  88  7:02  Marine x3  
  88  7:03  SCV x3  
  94  7:08  Armory  
  94  7:10  Supply Depot  
  94  7:15  SCV x2  
  93  7:16  Marine  
  93  7:17  Marine x4  
  93  7:21  SCV  
  100  7:27  SCV, Widow Mine x3  
  100  7:28  SCV, Supply Depot x2  
  100  7:29  Marine x2  
  110  7:33  SCV  
  110  7:37  Marine x4  
  111  7:39  SCV  
  111  7:40  SCV  
  117  7:49  SCV, Marine, Supply Depot  
  117  7:50  Marine  
  117  7:51  Supply Depot, SCV, Medivac x2  
  120  7:52  SCV  
  120  7:55  Drilling Claws  
  126  8:02  Marine x4  
  130  8:06  SCV x2  
  130  8:10  Terran Infantry Weapons Level 2, Terran Infantry Armor Level 2  
  132  8:12  Supply Depot  
  132  8:15  Supply Depot  
  132  8:19  Marine x4  
  136  8:27  Barracks  
  136  8:28  Barracks  
  136  8:30  Barracks  
  136  8:32  Widow Mine  
  136  8:33  Widow Mine x2  
  136  8:34  Marine x4, Medivac x2  
  150  8:44  Combat Shields  
  147  8:49  Marine x3  
  147  8:55  Command Center  
  149  9:00  Marine x2  
  149  9:01  Marine  
  148  9:07  Marine x2  
  148  9:08  Marine x2  
  148  9:09  Marine x2  
  139  9:10  SCV x2  
  139  9:15  Marine x2  
  129  9:18  Marine x3  
  129  9:20  Marine  
  129  9:23  Widow Mine x2  
  125  9:24  Thor, Marine x2  
  125  9:25  Medivac  
  125  9:26  Marine x3  
  136  9:34  Marine x3  
  136  9:36  Marine x3  
  136  9:38  Marine  
  139  9:40  Refinery  
  139  9:42  Marine  
  139  9:44  Terran Vehicle And Ship Armor Level 1  
  139  9:55  Widow Mine x2  
  143  10:00  Barracks Tech Lab  
  143  10:01  Barracks Tech Lab  
  143  10:05  Barracks Tech Lab  
  142  10:16  Marine x3  
  142  10:17  Marauder, Marine x5  
  142  10:18  Thor, Medivac x2  
  142  10:21  Supply Depot x2  
  162  10:23  Missile Turret  
  162  10:24  Missile Turret  
  159  10:33  Missile Turret  
  159  10:34  Missile Turret  
  159  10:35  Missile Turret  
  158  10:37  Sensor Tower  
  158  10:39  Marauder x4, Marine x6  
  171  10:43  Planetary Fortress  
  171  10:45  Marine x2  
  171  10:49  Widow Mine x2  
  173  10:52  Medivac x2  
  173  10:57  Marine x2  
  181  11:00  Marauder x2  
  187  11:06  Marine x2  
  187  11:07  Marauder  
Tags
 
Add a new tag
Caveats
  • Supply blocks, unpowered buildings, or Contaminate may cause inaccurate times.
  • Supply counts are checked every 10 seconds.